 Dungeon Crawl Stone Soup version 0.21-a0-509-gecc5317 (webtiles) character file.

5 Gildeon the Firebug (level 1, -2/14 HPs)
             Began as a Demigod Fire Elementalist on Dec 1, 2017.
             Slain by a rat (3 damage)
             ... on level 1 of the Dungeon.
             The game lasted 00:02:04 (129 turns).

Gildeon the Firebug (Demigod Fire Elementalist)      Turns: 129, Time: 00:02:06

Health: -2/14      AC:  2    Str: 11    XL:     1   Next: 53%
Magic:  0/6        EV: 12    Int: 19    God:
Gold:   0          SH:  0    Dex: 16    Spells: 3/4 levels left

rFire    . . .     SeeInvis .   (no weapon)
rCold    . . .     Gourm    .   (no shield)
rNeg     . . .     Faith    .   a - +0 robe
rPois    .         Spirit   .   (no helmet)
rElec    .         Reflect  .   (no cloak)
rCorr    .         Harm     .   (no gloves)
MR       .....                  (no boots)
Stlth    ++........             (no amulet)
HPRegen  0.04/turn              (no ring)
MPRegen  0.10/turn              (no ring)

@: lethally poisoned (-2 -> -12)
A: high mp 1
a: no special abilities


You were on level 1 of the Dungeon.
You were not hungry.

You visited 1 branch of the dungeon, and saw 1 of its levels.

Inventory:

Armour
 a - a +0 robe (worn)
Scrolls
 d - a scroll of enchant weapon
Books
 b - a book of Flames

   Spells                             Type                      Level
   a - Flame Tongue                   Conjuration/Fire             1
   b - Throw Flame                    Conjuration/Fire             2
   c - Conjure Flame                  Conjuration/Fire             3
   d - Inner Flame                    Hexes/Fire                   3
   e - Sticky Flame                   Conjuration/Fire             4
   f - Fireball                       Conjuration/Fire             5
Comestibles
 c - a bread ration
 f - a meat ration


   Skills:
 - Level 1.7 Dodging
 - Level 1.7 Stealth
 + Level 2.2 Spellcasting
 - Level 0.8 Conjurations
 - Level 2.6 Fire Magic


You had 3 spell levels left.
You knew the following spells:

 Your Spells              Type           Power        Failure   Level  Hunger
a - Flame Tongue          Conj/Fire      #....        8%          1    #......


Dungeon Overview and Level Annotations

Branches:
Dungeon (1/15)


Innate Abilities, Weirdness & Mutations

You have an increased reservoir of magic. (+10% MP)


Message History

* * * LOW HITPOINT WARNING * * *
Casting: Flame Tongue
Confirm with . or Enter, or press ? or * to list all spells.
Aiming: Flame Tongue
Press: ? - help, Shift-Dir - straight line, f/p - jackal
Aim: a jackal The flame tongue misses the jackal.
The flame tongue hits the hobgoblin.
The hobgoblin is almost dead.
The jackal barely misses you. The rat barely misses you.
The jackal closely misses you. The rat closely misses you.
The hobgoblin barely misses you. The rat bites you but does no damage.
You barely miss the hobgoblin.
The hobgoblin is almost dead.
The jackal bites you.
* * * LOW HITPOINT WARNING * * *
The hobgoblin completely misses you. The goblin hits you but does no damage.
You are lethally poisoned!
The rat bites you.
You die...

. . .. . ##### ### .
####8<8#####.## .#
##.........##..## ##.#
#8.........8#...# ...# ...
#...........#...# .# ...
#8.r@......8#...# .## ..#
###.hgg.....##..## ..# #.#
#................# #.### #.#
####.....#.......# #...## #.#
#####.........#
###..###.#######.....#.....##
#..............##g##.^..##
##..###.##########g....###
#...###.### ###..#..#


You could see a jackal, a hobgoblin, a goblin and a rat.

Vanquished Creatures
  A ball python (D:1)
  2 jackals (D:1)
  2 bats (D:1)
5 creatures vanquished.

Notes
Turn   | Place    | Note
-------+----------+-------------------------------------------
     0 | D:1      | Gildeon the Demigod Fire Elementalist began the quest for the Orb.
     0 | D:1      | Reached XP level 1. HP: 14/14 MP: 5/5
   129 | D:1      | Slain by a rat

Vault maps used:
D:1:      mrwooster_arrival_statue_2

Skill      XL: |  1 |
---------------+----+-----
Spellcasting   | 2 |  2.2
Dodging        | |  1.7
Stealth        | |  1.7
Conjurations   | |  0.8
Fire Magic     | |  2.6

Action                   || total
-------------------------++-------
Melee: Unarmed           ||     1
 Cast: Flame Tongue      ||     8
  Use: Scroll            ||     2
       Potion            ||     1
Armor: Robe              ||     5
Dodge: Dodged            ||    22

Table legend:
 A = Spawn XP
 B = Non-spawn XP
 C = Spawn XP percentage of total XP
 D = Spawn monster count
 E = Non-spawn monster count
 F = Spawn count percentage of total count
 G = Total turns spent on level
                    A         B        C        D         E        F      G
               +---------+---------+-------+---------+---------+-------+---------
         Total |       0 |       8 |   0.0 |       0 |       5 |   0.0 |   129
               +---------+---------+-------+---------+---------+-------+---------
           D:1 |       0 |       8 |   0.0 |       0 |       5 |   0.0 |   129
               +---------+---------+-------+---------+---------+-------+---------
